 Dungeon Crawl Stone Soup version 0.28-a0-863-g8cecda6153 (webtiles) character file.

Game seed: 3035165031938430909

352 BinkBink the Skirmisher (level 6, -2/48 HPs)
             Began as a Mummy Fighter on Nov 20, 2021.
             Slain by a wight (11 damage)
             ... on level 4 of the Dungeon.
             The game lasted 00:03:28 (3207 turns).

BinkBink the Skirmisher (Mummy Fighter)             Turns: 3207, Time: 00:03:29

Health: -2/48      AC:  7    Str: 21    XL:     6   Next: 35%
Magic:  6/6        EV:  9    Int:  8    God:
Gold:   96         SH:  4    Dex: 11    Spells: 5/5 levels left

rFire   x . .      SeeInvis .   a - +0 rapier
rCold   + . .      Faith    .   c - +0 buckler
rNeg    + + +      Spirit   .   b - +0 scale mail
rPois   ∞          Reflect  .   f - +1 hat
rElec   .          Harm     .   (no cloak)
rCorr   .          Rampage  .   (no gloves)
Will    .....                   (no boots)
Stlth   ..........              (no amulet)
HPRegen 0.16/turn               (no ring)
MPRegen 0.10/turn               (no ring)

@: no status effects
A: cold resistance 1, negative energy resistance 3, torment resistance 2, heat
vulnerability 1, no potions
a: no special abilities


You were on level 4 of the Dungeon.
You visited 1 branch of the dungeon, and saw 4 of its levels.

You collected 96 gold pieces.

Inventory:

Hand Weapons
 a - a +0 rapier (weapon)
Armour
 b - a +0 scale mail (worn)
 c - a +0 buckler (worn)
 f - a +1 hat (worn)
Jewellery
 e - a ring of protection from cold
 g - a +4 ring of protection
Scrolls
 d - a scroll of teleportation {unknown}
 h - a scroll of immolation {unknown}
 i - a scroll of enchant weapon {unknown}
 j - a scroll of noise {unknown}
 k - a scroll of enchant armour {unknown}


   Skills:
 + Level 4.1 Fighting
 + Level 4.0 Short Blades
 + Level 3.4 Armour
 - Level 0.5 Dodging
 + Level 0.6 Stealth
 + Level 2.7 Shields


You had 5 spell levels left.
You didn't know any spells.
Your spell library contained the following spells:

 Spells                   Type           Power      Damage    Failure   Level
 Fulminant Prism          Conj/Hex       0%         3d6       100%        4
 Iskenderun's Mystic Bla  Conj/Tloc      0%         2d3       100%        4
 Lee's Rapid Deconstruct  Erth           0%         3d5*      100%        5
 Summon Hydra             Summ           0%         N/A       100%        7
 Sublimation of Blood     Necr           Unusable   N/A       N/A         2
 Wereblood                Tmut           Unusable   N/A       N/A         2

Dungeon Overview and Level Annotations

Branches:
Dungeon (4/15)
 Temple: D:4-7

Altars:

Annotations:
D:3 2 runed translucent doors, Htamos's ghost, amateur KoBr


Innate Abilities, Weirdness & Mutations

You are immune to poison.
Your flesh is cold resistant. (rC+)
You are immune to negative energy. (rN+++)
You are immune to unholy pain and torment.
You are vulnerable to heat. (rF-)
You do not drink.


Message History

The wight hits you with a +0 mace.
You barely miss the wight.
The wight is heavily damaged.
The wight hits you with a +0 mace!
You hit the wight but do no damage.
The wight is heavily damaged.
The wight hits you but does no damage.
You puncture the wight!
The wight is almost destroyed.
You block the wight's attack.
You hit the wight.
You destroy the wight!
You barely miss the wight.
The wight hits you with a +5 short sword!
You hit the wight but do no damage.
The wight hits you with a +5 short sword.
You closely miss the wight.
The wight hits you with a +5 short sword.
You hit the wight.
The wight is moderately damaged.
You block the wight's attack.
You puncture the wight!
The wight is almost destroyed.
The wight closely misses you.
You hit the wight.
The wight is almost destroyed.
The wight hits you with a +5 short sword!
* * * LOW HITPOINT WARNING * * *
You hit the wight.
You destroy the wight!
Your Short Blades skill increases to level 4!
Okay, then.
You hit the wight.
The wight is lightly damaged.
The wight hits you with a +1 scimitar.
* * * LOW HITPOINT WARNING * * *
You barely miss the wight.
The wight is lightly damaged.
The wight hits you with a +1 scimitar!
You die...

##### ##### ....#
###....#### .....
....$.....#
....######....##Z#
..... +..z. #z#
#+#.######.zz. #@#
.<.......#.... #.#
#)#...##.#?...
#.#########
#)#...##.#.### #.#..
.... #+#(.....#.
#.#.#... ......####.#
#.#.#.# ...........#
#.....#
......############.###
.................#.#


You could see a wight and a bullfrog skeleton.

Vanquished Creatures
  2 scorpions (D:4)
  2 wights (D:4)
  An orc priest (D:3)
  An iguana (D:2)
  3 adders
  4 dart slugs
  6 orcs (D:3)
  5 bats
  7 endoplasms
  3 goblins
  5 hobgoblins
  4 jackals (D:1)
  4 quokkas
  2 ball pythons (D:1)
  4 frilled lizards
  5 kobolds
  7 rats
65 creatures vanquished.

Notes
Turn   | Place    | Note
-------+----------+-------------------------------------------
     0 | D:1      | BinkBink the Mummy Fighter began the quest for the Orb.
     0 | D:1      | Reached XP level 1. HP: 18/18 MP: 1/1
   128 | D:1      | Reached XP level 2. HP: 24/24 MP: 2/2
   411 | D:1      | Found a faded altar of an unknown god.
   786 | D:1      | Reached XP level 3. HP: 29/29 MP: 3/3
  1532 | D:2      | Reached XP level 4. HP: 35/35 MP: 4/4
  2352 | D:3      | Found a runed translucent door.
  2381 | D:3      | Found a runed translucent door.
  2384 | D:3      | Noticed Htamos's ghost (amateur KoBr)
  2515 | D:3      | Reached XP level 5. HP: 26/42 MP: 5/5
  3149 | D:4      | Noticed an acid dragon
  3174 | D:4      | Reached XP level 6. HP: 48/48 MP: 6/6
  3207 | D:4      | Slain by a wight

Illustrated notes

Levels and vault maps discovered:
D:1:      onia_arrival_pyramid, layout_loops_cross, basic_ecumenical_altar,
          item_on_display_a
D:2:      layout_basic
D:3:      layout_loops_ring, ebering_ghost_sewer_f, roderic_lattice_a
D:4:      minmay_wonky_spiral, layout_basic

Skill      XL: |  1  2  3  4  5  6 |
---------------+-------------------+-----
Short Blades   | 2 3 4 |  4.0
Armour         | 3 |  3.4
Fighting       | 4 |  4.1
Dodging        | |  0.5
Stealth        | |  0.6
Shields        | |  2.7

Action                   |  1- 3 |  4- 6 || total
-------------------------+-------+-------++-------
Melee: Rapier            |   159 |   123 ||   282
Armor: Scale mail        |    76 |    32 ||   108
Dodge: Dodged            |    72 |    39 ||   111
Block: Buckler           |    24 |    23 ||    47

Table legend: (Time is in decaauts)
 A = Elapsed time spent in this place.
 B = Non-inter-level travel time spent in this place.
 C = Inter-level travel time spent in this place.
 D = Time resting spent in this place.
 E = Time spent auto-exploring this place.
 F = Levels seen in this place.
 G = Mean time per level.
                   A        B        C        D        E       F      G
               +--------+--------+--------+--------+--------+-----+--------+
         Total |   3237 |   3136 |    101 |      0 |   2585 |   4 |  809.2 |
       Dungeon |   3237 |   3136 |    101 |      0 |   2585 |   4 |  809.2 |
               +--------+--------+--------+--------+--------+-----+--------+

Top non-repeatable levels by time:
     D:3: 1026 daAuts
     D:1: 959 daAuts
     D:2: 948 daAuts
     D:4: 303 daAuts
